 Dungeon Crawl Stone Soup version 0.27.0-1-g7a089689b8 (webtiles) character file.

Game seed: 1509398073831296095

452 Anothat the Magician (level 7, -1/59 HPs)
             Began as a Gnoll Warper on Aug 1, 2021.
             Slain by Edmund (6 damage)
             ... on level 4 of the Dungeon.
             The game lasted 00:08:30 (5522 turns).

Anothat the Magician (Gnoll Warper)                 Turns: 5522, Time: 00:08:31

Health: -1/59      AC:  5    Str: 13    XL:     7   Next: 5%
Magic:  17/17      EV: 13    Int: 12    God:
Gold:   137        SH:  0    Dex: 11    Spells: 9/19 levels left

rFire    + . .     SeeInvis .   e - +1 falchion (elec)
rCold    . . .     Faith    .   (no shield)
rNeg     . . .     Spirit   .   f - +0 leather armour {rF+}
rPois    .         Reflect  .   (no helmet)
rElec    .         Harm     .   (no cloak)
rCorr    .         Rampage  .   h - +1 pair of gloves
Will     .....                  (no boots)
Stlth    ++........             (no amulet)
HPRegen  0.19/turn              (no ring)
MPRegen  0.15/turn              (no ring)

@: no status effects
A: fangs 1, strong nose, distributed training
a: no special abilities


You were on level 4 of the Dungeon.
You visited 1 branch of the dungeon, and saw 4 of its levels.

You collected 137 gold pieces.

Inventory:

Hand Weapons
 a - a +0 hand axe
 e - a +1 falchion of electrocution (weapon)
Missiles
 d - 5 boomerangs of dispersal (quivered)
Armour
 b - a +0 leather armour
 f - a +0 leather armour of fire resistance (worn)
 h - a +1 pair of gloves (worn)
Jewellery
 g - a ring of positive energy
 i - a +4 ring of evasion
Scrolls
 c - a scroll of blinking
 l - a scroll of noise {unknown}
 t - a scroll of identify
Potions
 j - a potion of brilliance {unknown}
 k - 2 potions of heal wounds {unknown}
 n - a potion of attraction {unknown}
 o - 2 potions of haste {unknown}
 q - a potion of ambrosia {unknown}
 s - a potion of cancellation {unknown}


   Skills:
 + Level 6.3 Fighting
 + Level 4.3 Short Blades
 + Level 4.3 Long Blades
 + Level 6.3 Axes
 + Level 4.3 Maces & Flails
 + Level 4.3 Polearms
 + Level 4.3 Staves
 + Level 4.3 Slings
 + Level 4.3 Bows
 + Level 4.3 Crossbows
 + Level 5.1 Throwing
 + Level 5.1 Armour
 + Level 6.3 Dodging
 + Level 4.3 Stealth
 + Level 4.3 Shields
 + Level 4.3 Unarmed Combat
 + Level 6.7 Spellcasting
 + Level 3.5 Conjurations
 + Level 3.5 Hexes
 + Level 3.5 Summonings
 + Level 3.5 Necromancy
 + Level 6.6 Translocations
 + Level 3.5 Transmutations
 + Level 3.5 Fire Magic
 + Level 3.5 Ice Magic
 + Level 3.5 Air Magic
 + Level 3.5 Earth Magic
 + Level 3.5 Poison Magic
 + Level 4.7 Invocations
 + Level 4.3 Evocations


You had 9 spell levels left.
You knew the following spells:

 Your Spells              Type           Power      Damage    Failure   Level
a - Blink                 Tloc           N/A        N/A       1%          2
b - Lesser Beckoning      Tloc           9%         N/A       4%          3
c - Manifold Assault      Tloc           19%        N/A       36%         5

Your spell library contained the following spells:

 Spells                   Type           Power      Damage    Failure   Level
 Magic Dart               Conj           48%        1d5       4%          1
 Gell's Gravitas          Tloc           9%         N/A       4%          3
 Teleport Other           Tloc           19%        N/A       4%          3
 Call Imp                 Summ           12%        N/A       8%          2
 Mephitic Cloud           Conj/Pois/Air  12%        N/A       14%         3


Dungeon Overview and Level Annotations

Branches:
Dungeon (4/15)
 Temple: D:4-7

Altars:
Cheibriados
Dithmenos
The Shining One

Annotations:
D:4 Edmund


Innate Abilities, Weirdness & Mutations

You have very sharp teeth.
Your uncanny sense of smell can sniff out nearby items.
Your experience applies equally to all skills.


Message History

You bite Edmund, but do no damage.
Edmund is heavily wounded.
Edmund barely misses you.
You hit Edmund but do no damage.
Edmund is heavily wounded.
Edmund hits you with a +2 flail of holy wrath!
You are too injured to fight recklessly!
You hit Edmund.
Edmund is heavily wounded.
Edmund hits you with a +2 flail of holy wrath!
* * * LOW HITPOINT WARNING * * *
Okay, then.
You aren't carrying any items that you can evoke.
Okay, then.
You closely miss Edmund.
Edmund is heavily wounded.
Edmund hits you with a +2 flail of holy wrath.
* * * LOW HITPOINT WARNING * * *
You barely miss Edmund. You bite Edmund.
Edmund is heavily wounded.
Edmund hits you with a +2 flail of holy wrath.
* * * LOW HITPOINT WARNING * * *
You closely miss Edmund.
Edmund is heavily wounded.
Edmund says, "You wouldn't believe how much I paid for this flail."
Edmund closely misses you.
You riposte.
You hit Edmund.
Edmund is heavily wounded.
You hit Edmund but do no damage. You punch Edmund, but do no damage.
Edmund is heavily wounded.
Edmund barely misses you.
You hit Edmund but do no damage. Lightning courses through Edmund!
Edmund is severely wounded.
Edmund hits you with a +2 flail of holy wrath.
* * * LOW HITPOINT WARNING * * *
You barely miss Edmund.
Edmund is severely wounded.
Edmund hits you with a +2 flail of holy wrath.
* * * LOW HITPOINT WARNING * * *
Edmund hits you with a +2 flail of holy wrath.
You die...

..#####..#####.## ##.####
#.......## #..## ###.#
..#####..# ##..####...##
##.## #...........# #..#
#...#..#.....##
##.##...##..##.....##
#.....# # #.......
##....#...# #...##..
##)@......# #...##..
#..####.@#............###.
#.......####..........##..
#.......# #.............
#..###..# ..#........## #.
#..# #..#.......## ...#
#...........# .....
##........... .###.
∆.............


You could see Edmund.

Vanquished Creatures
  Sigmund (D:2)
  Natasha (twice) (D:2)
  7 adders
  5 worms
  2 dart slugs (D:4)
  4 orcs
  8 ball pythons
  2 bats
  5 endoplasms
  5 giant cockroaches
  5 goblins
  3 hobgoblins
  10 kobolds
  3 quokkas
  2 frilled lizards
  9 rats
73 creatures vanquished.

Notes
Turn   | Place    | Note
-------+----------+-------------------------------------------
     0 | D:1      | Anothat the Gnoll Warper began the quest for the Orb.
     0 | D:1      | Reached XP level 1. HP: 20/20 MP: 6/6
   413 | D:1      | Reached XP level 2. HP: 20/26 MP: 7/7
  1609 | D:2      | Noticed Natasha
  1614 | D:2      | HP: 1/26 [Natasha/magic dart (8)]
  1617 | D:2      | Killed Natasha
  1618 | D:2      | Reached skill level 5 in Spellcasting
  1618 | D:2      | Reached skill level 1 in Invocations
  1618 | D:2      | Reached XP level 3. HP: 2/31 MP: 7/9
  2089 | D:2      | Reached skill level 1 in Short Blades
  2089 | D:2      | Reached skill level 1 in Long Blades
  2089 | D:2      | Reached skill level 1 in Maces & Flails
  2089 | D:2      | Reached skill level 1 in Polearms
  2089 | D:2      | Reached skill level 1 in Staves
  2089 | D:2      | Reached skill level 1 in Slings
  2089 | D:2      | Reached skill level 1 in Bows
  2089 | D:2      | Reached skill level 1 in Crossbows
  2089 | D:2      | Reached skill level 1 in Stealth
  2089 | D:2      | Reached skill level 1 in Shields
  2089 | D:2      | Reached skill level 1 in Unarmed Combat
  2089 | D:2      | Reached skill level 1 in Evocations
  2284 | D:2      | Learned a level 2 spell: Blink
  2326 | D:2      | Reached XP level 4. HP: 33/38 MP: 11/11
  2982 | D:2      | Reached skill level 1 in Conjurations
  2982 | D:2      | Reached skill level 1 in Hexes
  2982 | D:2      | Reached skill level 1 in Summonings
  2982 | D:2      | Reached skill level 1 in Necromancy
  2982 | D:2      | Reached skill level 1 in Transmutations
  2982 | D:2      | Reached skill level 1 in Fire Magic
  2982 | D:2      | Reached skill level 1 in Ice Magic
  2982 | D:2      | Reached skill level 1 in Air Magic
  2982 | D:2      | Reached skill level 1 in Earth Magic
  2982 | D:2      | Reached skill level 1 in Poison Magic
  3179 | D:2      | Noticed Sigmund
  3185 | D:2      | Reached skill level 5 in Throwing
  3185 | D:2      | Reached skill level 5 in Armour
  3185 | D:2      | Reached XP level 5. HP: 46/46 MP: 12/14
  3189 | D:2      | Killed Sigmund
  3190 | D:2      | Reached XP level 6. HP: 43/53 MP: 12/15
  3345 | D:2      | Noticed Natasha
  3354 | D:2      | Killed Natasha
  4161 | D:3      | Learned a level 3 spell: Lesser Beckoning
  4167 | D:3      | Learned a level 5 spell: Manifold Assault
  4443 | D:3      | Reached XP level 7. HP: 53/59 MP: 17/17
  4888 | D:4      | Found a glowing golden altar of the Shining One.
  4888 | D:4      | Found a shadowy altar of Dithmenos.
  4986 | D:4      | Found a snail-covered altar of Cheibriados.
  5503 | D:4      | Noticed Edmund
  5522 | D:4      | Slain by Edmund

Illustrated notes

Levels and vault maps discovered:
D:1:      lemuel_arrival_cross, layout_basic, corexii_item_surrounded_by_moat
D:2:      minmay_spotlight, layout_loops_ring, patterned_corridor, uniq_natasha,
          uniq_crazy_yiuf_cottage, uniq_sigmund
D:3:      layout_rooms, kennysheep_boxes
D:4:      layout_layer_cave, mainiacjoe_overflow_large_starburst,
          kennysheep_slug_shrine, ebering_ghost_rock_garden, uniq_edmund

Skill      XL: |  1  2  3  4 |
---------------+-------------+-----
Spellcasting   | 5 6 |  6.7
Invocations    | 1 4 |  4.7
Short Blades   | 1 4 |  4.3
Long Blades    | 1 4 |  4.3
Maces & Flails | 1 4 |  4.3
Polearms       | 1 4 |  4.3
Staves         | 1 4 |  4.3
Slings         | 1 4 |  4.3
Bows           | 1 4 |  4.3
Crossbows      | 1 4 |  4.3
Stealth        | 1 4 |  4.3
Shields        | 1 4 |  4.3
Unarmed Combat | 1 4 |  4.3
Evocations     | 1 4 |  4.3
Conjurations   | 3 |  3.5
Hexes          | 3 |  3.5
Summonings     | 3 |  3.5
Necromancy     | 3 |  3.5
Transmutations | 3 |  3.5
Fire Magic     | 3 |  3.5
Ice Magic      | 3 |  3.5
Air Magic      | 3 |  3.5
Earth Magic    | 3 |  3.5
Poison Magic   | 3 |  3.5
Fighting       | 6 |  6.3
Axes           | 6 |  6.3
Throwing       | 5 |  5.1
Armour         | 5 |  5.1
Dodging        | 6 |  6.3
Translocations | 6 |  6.6

Action                   |  1- 3 |  4- 6 |  7- 9 || total
-------------------------+-------+-------+-------++-------
Melee: Hand axe          |   105 |    46 |       ||   151
       Bite              |     4 |     8 |     7 ||    19
       Falchion          |       |    74 |    34 ||   108
       Punch             |       |     2 |     1 ||     3
  Use: Potion            |     1 |     2 |       ||     3
       Scroll            |     2 |       |     5 ||     7
 Stab: Sleeping          |       |     1 |     1 ||     2
Armor: Leather armour    |    31 |    17 |     4 ||    52
       Skin              |       |     5 |       ||     5
Dodge: Dodged            |    64 |    56 |    20 ||   140
       Rpst.: Falchion   |       |    12 |     5 ||    17
